 Dungeon Crawl Stone Soup version 0.28-a0-883-gc8d7bad45d (webtiles) character file.

Game seed: 15461373642977775877

91 porpoise the Conjurer (level 4, 0/24 HPs)
             Began as a Deep Elf Conjurer on Nov 22, 2021.
             Slain by a gnoll (7 damage)
             ... on level 2 of the Dungeon.
             The game lasted 00:04:58 (1757 turns).

porpoise the Conjurer (Deep Elf Conjurer)           Turns: 1757, Time: 00:04:59

Health: 0/24       AC:  3    Str:  4    XL:     4   Next: 34%
Magic:  3/12       EV: 12    Int: 24    God:
Gold:   45         SH:  0    Dex: 13    Spells: 1/12 levels left

rFire   . . .      SeeInvis .   a - +2 dagger (drain)
rCold   . . .      Faith    .   (no shield)
rNeg    . . .      Spirit   .   d - +0 robe
rPois   .          Reflect  .   (no helmet)
rElec   .          Harm     .   (no cloak)
rCorr   .          Rampage  .   e - +0 pair of gloves
Will    .....                   (no boots)
Stlth   ++........              (no amulet)
HPRegen 0.08/turn               (no ring)
MPRegen 0.13/turn               (no ring)

@: no status effects
A: no striking features
a: no special abilities


You were on level 2 of the Dungeon.
You visited 1 branch of the dungeon, and saw 2 of its levels.

You collected 45 gold pieces.

Inventory:

Hand Weapons
 a - a +2 dagger of draining (weapon)
 b - a +0 hunting sling
 n - a +2 short sword of holy wrath
Missiles
 m - 11 sling bullets
 q - 12 stones
Armour
 d - a +0 robe (worn)
 e - a +0 pair of gloves (worn)
Jewellery
 c - a ring of fire
 l - a ring of resist corrosion
 p - a ring of flight
Scrolls
 g - a scroll of brand weapon {unknown}
 h - a scroll of identify {unknown}
 i - a scroll of fog {unknown}
 k - a scroll of amnesia {unknown}
Potions
 f - 2 potions of degeneration {unknown}
 j - a potion of might {unknown}
 o - a potion of mutation {unknown}


   Skills:
 - Level 2.4 Dodging
 + Level 3.4 Stealth
 * Level 4.6 Spellcasting
 - Level 5.2 Conjurations
 * Level 0.9 Hexes


You had one spell level left.
You knew the following spells:

 Your Spells              Type           Power      Damage    Failure   Level
a - Magic Dart            Conj           100%       1d8       1%          1
b - Searing Ray           Conj           60%        2d6       1%          2
c - Fulminant Prism       Conj/Hex       10%        3d9       26%         4
d - Iskenderun's Mystic   Conj/Tloc      18%        2d6       30%         4

Your spell library contained the following spells:

 Spells                   Type           Power      Damage    Failure   Level
 Dazzling Flash           Conj/Hex       40%        N/A       8%          3
 Ignite Poison            Fire/Tmut/Pois 5%         N/A       28%         3
 Manifold Assault         Tloc           5%         N/A       95%         5
 Statue Form              Tmut/Erth      3%         N/A       100%        6


Dungeon Overview and Level Annotations

Branches:
Dungeon (2/15)

Altars:


Message History

The gnoll is lightly wounded. (Press . to maintain the ray.)
You hear a shout!
The gnoll hits you but does no damage.
A gnoll comes into view. It is wielding a +0 halberd.
The searing ray hits the gnoll.
The gnoll is heavily wounded.
The gnoll hits you but does no damage. The gnoll misses you.
The searing ray hits the gnoll.
The gnoll is severely wounded.
The gnoll barely misses you. The gnoll closely misses you.
The searing ray hits the gnoll!
You kill the gnoll!
You finish channelling your searing ray.
The gnoll hits you from afar with a +0 halberd!
Unknown command.
Casting: Searing Ray (safe; 1% risk of failure)
Confirm with . or Enter, or press ? or * to list all spells.
Aiming: Searing Ray (safe; 1% risk of failure)
Press: ? - help, Shift-Dir - straight line, f - gnoll
Aim: a gnoll, wielding a +0 halberd (82% to hit)
The searing ray misses the gnoll. (Press . to maintain the ray.)
You hear a shout!
Unknown command.
The searing ray hits the gnoll.
The gnoll is lightly wounded.
A gnoll comes into view. It is wielding a +0 flail.
The gnoll closely misses you.
The searing ray hits the gnoll.
The gnoll is severely wounded.
The gnoll hits you from afar with a +0 halberd!
* * * LOW HITPOINT WARNING * * *
The searing ray hits the gnoll.
The gnoll is almost dead.
The searing ray hits the gnoll!
The gnoll is heavily wounded.
You finish channelling your searing ray.
The gnoll hits you from afar with a +0 halberd!
You die...

#.#######
#.# #.#
#### #.#
..... #.##
.....
#####
...##.....
.g.
...#......
####g# ##
..†#....#
#....#..#
.....#
#...@#.#
.....#
#......#
....##
#.....##
#..#####.
#[..#.#
#..#.....
#.....#
.....##..
#....##
........#
#....#
...#.####
#...##
...#..##
##...#


You could see 2 gnolls.

Vanquished Creatures
  A gnoll (D:2)
  4 adders (D:2)
  A worm (D:2)
  A dart slug (D:1)
  A bat (D:1)
  8 endoplasms
  3 giant cockroaches (D:1)
  6 goblins
  2 hobgoblins (D:2)
  2 kobolds (D:2)
  A quokka (D:2)
  A ball python (D:1)
  3 frilled lizards (D:1)
  4 rats
38 creatures vanquished.

Notes
Turn   | Place    | Note
-------+----------+-------------------------------------------
     0 | D:1      | porpoise the Deep Elf Conjurer began the quest for the Orb.
     0 | D:1      | Reached XP level 1. HP: 10/10 MP: 6/6
   311 | D:1      | Reached XP level 2. HP: 15/15 MP: 4/8
   958 | D:1      | Reached XP level 3. HP: 12/19 MP: 6/10
   961 | D:1      | Learned a level 2 spell: Searing Ray
  1177 | D:2      | Reached skill level 5 in Conjurations
  1362 | D:2      | Got the Almanac of Mutagenic Displacement
  1425 | D:2      | Reached XP level 4. HP: 24/24 MP: 3/12
  1496 | D:2      | Learned a level 4 spell: Fulminant Prism
  1501 | D:2      | Learned a level 4 spell: Iskenderun's Mystic Blast
  1725 | D:2      | Found a faded altar of an unknown god.
  1757 | D:2      | Slain by a gnoll

Illustrated notes

Levels and vault maps discovered:
D:1:      saegor_arrival_miasma, layout_loops_cross, minmay_quantized
D:2:      layout_rooms, basic_ecumenical_altar, grunt_ministairs_11,
          minmay_misc_feat_hallway

Skill      XL: |  1  2  3 |
---------------+----------+-----
Stealth        | 3 |  3.4
Spellcasting   | 4 |  4.6
Conjurations   | 5 |  5.2
Dodging        | |  2.4
Hexes          | |  0.9

Action                   |  1- 3 |  4- 6 || total
-------------------------+-------+-------++-------
Melee: Dagger            |     4 |       ||     4
 Cast: Magic Dart        |    39 |     6 ||    45
       Searing Ray       |     6 |     3 ||     9
Armor: Robe              |     1 |     2 ||     3
Dodge: Dodged            |     7 |     4 ||    11

Table legend: (Time is in decaauts)
 A = Elapsed time spent in this place.
 B = Non-inter-level travel time spent in this place.
 C = Inter-level travel time spent in this place.
 D = Time resting spent in this place.
 E = Time spent auto-exploring this place.
 F = Levels seen in this place.
 G = Mean time per level.
                   A        B        C        D        E       F      G
               +--------+--------+--------+--------+--------+-----+--------+
         Total |   1755 |   1732 |     23 |    718 |    774 |   2 |  877.5 |
       Dungeon |   1755 |   1732 |     23 |    718 |    774 |   2 |  877.5 |
               +--------+--------+--------+--------+--------+-----+--------+

Top non-repeatable levels by time:
     D:1: 1099 daAuts
     D:2: 655 daAuts
